 Dungeon Crawl Stone Soup version 0.22.1-2-g9c5b331 (webtiles) character file.

3852 Velaskes the Cleaver (level 9, -12/69 HPs)
             Began as a Demonspawn Gladiator on Dec 18, 2018.
             Was a Believer of Nemelex Xobeh.
             Mangled by a komodo dragon (22 damage)
             ... on level 8 of the Dungeon.
             The game lasted 00:24:34 (9532 turns).

Velaskes the Cleaver (Demonspawn Gladiator)         Turns: 9532, Time: 00:24:35

Health: -12/69     AC: 12    Str: 16    XL:     9   Next: 99%
Magic:  9/9        EV:  9    Int:  7    God:    Nemelex Xobeh [**....]
Gold:   394        SH:  3    Dex: 20    Spells: 8/8 levels left

rFire    + . .     SeeInvis .   a - +0 war axe
rCold    . . .     Gourm    .   (no shield)
rNeg     . . .     Faith    .   k - +0 chain mail
rPois    .         Spirit   .   (helmet unavailable)
rElec    .         Reflect  +   x - +0 cloak
rCorr    .         Harm     .   j - +0 pair of gloves
MR       .....                  (no boots)
Stlth    +.........             w - +3 amulet of reflection
HPRegen  0.21/turn              p - ring of stealth
MPRegen  0.11/turn              i - +3 ring of dexterity (curse)

@: no status effects
A: beak, horns 3, talons 1, dopey 1, fire resistance 1, nightstalker 1,
MP-powered wands
a: Renounce Religion


You were on level 8 of the Dungeon.
You worshipped Nemelex Xobeh.
Nemelex Xobeh was pleased with you.
You were very hungry.

You visited 1 branch of the dungeon, and saw 8 of its levels.

You collected 394 gold pieces.

Inventory:

Hand Weapons
 a - a +0 war axe (weapon)
 h - a +3 morningstar
 n - a cursed -1 halberd
Missiles
 d - 5 throwing nets (quivered)
Armour
 b - a +0 leather armour
 c - a +0 helmet
 j - a +0 pair of gloves (worn)
 k - a +0 chain mail (worn)
 q - a -2 leather armour
 v - the cursed +0 storm dragon scales of Muemeni {rElec rPois MR+}
   (You found it on level 5 of the Dungeon)

   It insulates you from electricity.
   It protects you from poison.
   It affects your resistance to hostile enchantments.
   It has a curse placed upon it.
 x - a +0 cloak (worn)
Jewellery
 g - an uncursed ring of flight
 i - a cursed +3 ring of dexterity (right hand)
 p - a ring of stealth (left hand)
 u - an uncursed amulet of guardian spirit
 w - a +3 amulet of reflection (around neck)
Wands
 m - a wand of polymorph (14)
 A - a wand of iceblast (8)
Scrolls
 e - 6 scrolls of amnesia {unknown}
 l - 3 scrolls of identify
 o - 6 scrolls of teleportation
 r - 2 scrolls of fog {unknown}
 t - a scroll of blinking
 y - 2 scrolls of remove curse
 C - a scroll of magic mapping {unknown}
Potions
 s - a potion of ambrosia {unknown}
 B - a potion of curing
Miscellaneous
 z - a plain deck of summoning
 D - an ornate deck of escape
Comestibles
 f - 8 rations


   Skills:
 + Level 5.7 Fighting
 + Level 10.1 Axes
 + Level 1.7 Throwing
 + Level 6.1 Armour
 + Level 4.3 Dodging
 + Level 1.6 Stealth
 + Level 0.4 Evocations


You had 8 spell levels left.
You didn't know any spells.
Your spell library was empty.

Dungeon Overview and Level Annotations

Branches:
Dungeon (8/15)             Temple (0/1) D:5
   Lair: D:8-11

Altars:
Ashenzari
Dithmenos
Hepliaklqana
Nemelex Xobeh
Okawaru
Qazlal


Innate Abilities, Weirdness & Mutations

You have a pair of large horns on your head.
You have sharp toenails.
Your flesh is heat resistant. (rF+)
You are slightly more attuned to the shadows.
You have a beak for a mouth.
You are dopey. (Int -2)
You expend magic power (3 MP) to strengthen your wands.


Message History

You slash the hungry ghost!
The hungry ghost is severely damaged.
You block the hungry ghost's attack.
You miss the hungry ghost. You claw the hungry ghost.
Your headbutt misses the hungry ghost.
The hungry ghost is severely damaged.
The hungry ghost hits you.
You are feeling very hungry.
You slash the hungry ghost!
You destroy the hungry ghost!
You hit the komodo dragon. You claw the komodo dragon.
The komodo dragon is lightly wounded.
The komodo dragon bites you!!
* * * LOW HITPOINT WARNING * * *
You hit the komodo dragon. You claw the komodo dragon.
You peck the komodo dragon, but do no damage.
The komodo dragon is moderately wounded.
The komodo dragon bites you!!
You die...
Your body disappears without a glow.

### #.##### ....l.###
###...†.# ## ### #
####..#####.####.####
###l†.###.l@.....####
####...#######...>#
##### #.##.# #....#
#.##.# #.##.# #.##.#
#.##.#####
#...(......


You could see a komodo dragon.

Vanquished Creatures
  Joseph (D:7)
  Grinder (D:3)
  A basilisk (D:8)
  A hungry ghost (D:8)
  A wyvern (D:8)
  A steam dragon (D:8)
  A water moccasin (D:5)
  An ice beast (D:6)
  An orc warrior (D:8)
  3 sky beasts
  3 phantoms (D:5)
  A centaur (D:5)
  3 ogres (D:5)
  A big kobold (D:7)
  4 bullfrogs
  A gnoll sergeant (D:7)
  4 scorpions
  5 wights
  2 howler monkeys
  2 crimson imps
  A bullfrog zombie (D:5)
  A jelly (D:8)
  3 orc priests
  2 hounds (D:5)
  5 orc wizards
  Jessica (D:2)
  4 worker ants
  A hound skeleton (D:6)
  2 worker ant zombies (D:6)
  6 adders
  3 gnolls (D:7)
  A howler monkey skeleton (D:6)
  An ooze (D:2)
  An adder zombie (D:7)
  2 adder skeletons (D:5)
  3 dart slugs
  2 worms
  5 leopard geckos
  13 orcs
  6 bats
  6 giant cockroaches
  9 goblins
  5 hobgoblins
  4 jackals (D:7)
  3 quokkas
  3 ball pythons
  8 frilled lizards
  A jackal skeleton (D:5)
  6 kobolds
  2 quokka skeletons
  5 rats
153 creatures vanquished.

Notes
Turn   | Place    | Note
-------+----------+-------------------------------------------
     0 | D:1      | Velaskes the Demonspawn Gladiator began the quest for the
                  | Orb.
     0 | D:1      | Reached XP level 1. HP: 16/16 MP: 1/1
   179 | D:1      | Gained mutation: Your flesh is heat resistant. (rF+)
                  | [demonic ancestry]
   179 | D:1      | Reached XP level 2. HP: 22/23 MP: 2/2
   357 | D:1      | Reached skill level 3 in Axes
  1109 | D:2      | Gained mutation: You have a pair of small horns on your
                  | head. [demonic ancestry]
  1109 | D:2      | Reached XP level 3. HP: 28/28 MP: 3/3
  1302 | D:2      | Found a faded altar of an unknown god.
  1604 | D:2      | Gained mutation: You have a pair of horns on your head.
                  | [demonic ancestry]
  1604 | D:2      | Reached XP level 4. HP: 34/34 MP: 4/4
  1702 | D:2      | Noticed Jessica
  1706 | D:2      | Killed Jessica
  2038 | D:3      | Noticed Grinder
  2056 | D:3      | Paralysed by Grinder for 5 turns
  2063 | D:3      | Paralysed by Grinder for 6 turns
  2077 | D:3      | Killed Grinder
  2077 | D:3      | Reached skill level 4 in Axes
  2077 | D:3      | Reached skill level 1 in Armour
  2077 | D:3      | Reached skill level 1 in Stealth
  2077 | D:3      | Gained mutation: You are slightly more attuned to the
                  | shadows. [demonic ancestry]
  2077 | D:3      | Reached XP level 5. HP: 41/41 MP: 5/5
  2077 | D:3      | Gained mutation: You have sharp toenails. [demonic
                  | ancestry]
  2077 | D:3      | Reached XP level 6. HP: 47/47 MP: 6/6
  2439 | D:3      | Found a hazy altar of Hepliaklqana.
  2569 | D:3      | Found a sparkling altar of Nemelex Xobeh.
  2574 | D:3      | Became a worshipper of Nemelex Xobeh the Trickster
  2613 | D:4      | Received a gift from Nemelex Xobeh
  2760 | D:4      | Found a shattered altar of Ashenzari.
  2899 | D:4      | Reached skill level 5 in Axes
  2951 | D:4      | Found a shadowy altar of Dithmenos.
  3567 | D:5      | Entered Level 5 of the Dungeon
  3567 | D:5      | Received a gift from Nemelex Xobeh
  3645 | D:5      | Noticed a sky beast
  3646 | D:5      | Reached * piety under Nemelex Xobeh
  3656 | D:5      | Killed a sky beast
  3758 | D:5      | Gained mutation: You expend magic power (3 MP) to
                  | strengthen your wands. [potion of mutation]
  3758 | D:5      | Gained mutation: You are dopey. (Int -2) [potion of
                  | mutation]
  3758 | D:5      | Gained mutation: You have a beak for a mouth. [potion of
                  | mutation]
  3774 | D:5      | Reached XP level 7. HP: 45/52 MP: 7/7
  4053 | D:5      | Reached skill level 6 in Axes
  4533 | D:5      | Reached XP level 8. HP: 45/60 MP: 8/8
  4670 | D:5      | Found a staircase to the Ecumenical Temple.
  5068 | D:5      | Got sapphire-studded storm dragon scales
  5070 | D:5      | Identified the cursed +0 storm dragon scales of Muemeni
                  | {rElec rPois MR+} (You found it on level 5 of the Dungeon)
  5114 | D:5      | Reached skill level 7 in Axes
  6956 | D:6      | Found a stormy altar of Qazlal.
  7051 | D:6      | Reached skill level 8 in Axes
  7079 | D:6      | Received a gift from Nemelex Xobeh
  7087 | D:6      | Reached skill level 5 in Armour
  7197 | D:6      | Gained mutation: You have a pair of large horns on your
                  | head. [demonic ancestry]
  7197 | D:6      | Reached XP level 9. HP: 54/67 MP: 9/9
  7853 | D:7      | Reached skill level 5 in Fighting
  8126 | D:7      | Reached skill level 9 in Axes
  8256 | D:7      | Found an iron altar of Okawaru.
  8257 | D:7      | Noticed Joseph
  8284 | D:7      | Killed Joseph
  8586 | D:7      | Reached ** piety under Nemelex Xobeh
  8604 | D:7      | Received a gift from Nemelex Xobeh
  9494 | D:8      | Reached skill level 10 in Axes
  9501 | D:8      | Noticed a komodo dragon
  9532 | D:8      | Mangled by a komodo dragon

Skill      XL: |  1  2  3  4  5  6  7  8  9 |
---------------+----------------------------+-----
Axes           | 3 4 5 6 8 10 | 10.1
Dodging        | 3 4 |  4.3
Fighting       | 3 4 5 |  5.7
Armour         | 1 2 3 5 6 |  6.1
Stealth        | 1 |  1.6
Throwing       | |  1.7
Evocations     | |  0.4

Action                   |  1- 3 |  4- 6 |  7- 9 || total
-------------------------+-------+-------+-------++-------
Melee: War axe           |   110 |    76 |   273 ||   459
       Headbutt          |     7 |    12 |    66 ||    85
       Kick              |       |    16 |    96 ||   112
       Peck              |       |     1 |    56 ||    57
 Abil: Evoke Flight      |       |     1 |       ||     1
  Use: Scroll            |       |     8 |     5 ||    13
       Potion            |       |     4 |     2 ||     6
 Stab: Sleeping          |     2 |       |       ||     2
  Eat: Ration            |     1 |     2 |     5 ||     8
       Chunk             |       |     1 |       ||     1
Armor: Leather armour    |    47 |       |       ||    47
       Chain mail        |    38 |    45 |   132 ||   215
       Skin              |       |    10 |       ||    10
Dodge: Dodged            |   107 |    32 |   116 ||   255
Block: Other             |       |       |    19 ||    19
